 Dungeon Crawl Stone Soup version 0.26-a0-154-g3d63440f56 (webtiles) character file.

Game seed: 13872655964650300096

383 Gargoyl the Skirmisher (level 6, -1/52 HPs)
             Began as a Centaur Abyssal Knight on July 2, 2020.
             Was a Believer of Lugonu.
             Slain by a wraith (4 damage)
             ... in an ossuary.
             The game lasted 00:06:06 (4150 turns).

Gargoyl the Skirmisher (Centaur Abyssal Knight)     Turns: 4150, Time: 00:06:07

Health: -1/52      AC: 11    Str: 14    XL:     6   Next: 47%
Magic:  8/8        EV:  2    Int: 17    God:    Lugonu [**....]
Gold:   157        SH:  0    Dex: 11    Spells: 5/5 levels left

rFire    . . .     SeeInvis .   a - +2 hand axe
rCold    . . .     Faith    .   (no shield)
rNeg     . . .     Spirit   .   j - +0 plate armour
rPois    .         Reflect  .   q - +1 helmet
rElec    .         Harm     .   (no cloak)
rCorr    +                      (no gloves)
MR       .....                  (no barding)
Stlth    ..........             (no amulet)
HPRegen  0.17/turn              g - ring of resist corrosion
MPRegen  0.11/turn              i - +6 ring of intelligence

@: mighty, slowed
A: large, hooves 3, deformed body, speed 2, tough skin 3
a: Depart the Abyss, Bend Space, Renounce Religion


You were in an ossuary.
You worshipped Lugonu.
Lugonu was pleased with you.
You were near starving.

You visited 1 branch of the dungeon, and saw 4 of its levels.
You visited the Abyss 1 time.
You also visited: Ossuary.

You collected 157 gold pieces.

Inventory:

Hand Weapons
 a - a +2 hand axe (weapon)
Armour
 j - a +0 plate armour (worn)
 q - a +1 helmet (worn)
 s - a +0 cloak
Jewellery
 g - a ring of resist corrosion (left hand)
 i - a +6 ring of intelligence (right hand)
Wands
 n - a wand of digging (4)
 p - a wand of flame (15)
Scrolls
 b - 3 scrolls of remove curse
 l - a scroll of blinking {unknown}
 m - 4 scrolls of identify
 r - 2 scrolls of teleportation
 v - a scroll of immolation {unknown}
Potions
 d - a potion of lignification {unknown}
 e - a potion of might
 h - a potion of haste {unknown}
 k - 2 potions of degeneration {unknown}
 o - a potion of magic {unknown}
 t - a potion of ambrosia {unknown}
 u - a potion of mutation {unknown}
 w - a potion of resistance {unknown}
Comestibles
 c - 7 rations


   Skills:
 + Level 3.8 Fighting
 + Level 3.5 Axes
 * Level 3.0 Armour
 * Level 1.8 Dodging
 * Level 3.5 Invocations
 + Level 0.2 Evocations


You had 5 spell levels left.
You didn't know any spells.
Your spell library was empty.

Dungeon Overview and Level Annotations

Branches:
Dungeon (4/15)            Ossuary (1/1)
 Temple: D:4-7

Altars:
Kikubaaqudgha
Sif Muna


Innate Abilities, Weirdness & Mutations

You have hooves in place of feet.
Armour fits poorly on your strangely shaped body.
You cover ground very quickly.
You have extremely tough skin. (AC +3)


Message History

* * * LOW HITPOINT WARNING * * *
You feel better. The wraith hits you. The wraith drains your vigour!
You feel as though you will be slow longer.
It was a potion of might.
You feel very mighty all of a sudden. The wraith hits you.
The wraith drains your vigour!
You feel as though you will be slow longer.
The wraith hits you!
* * * LOW HITPOINT WARNING * * *
The wraith drains your vigour!
You feel as though you will be slow longer.
You hit the wraith. You kick the wraith!
The wraith is heavily damaged.
The wraith barely misses you. The wraith hits you.
* * * LOW HITPOINT WARNING * * *
Unknown command.
You hit the wraith.
The wraith is severely damaged.
The wraith hits you.
You die...

#..............^.......
#....^.................
#..####..###..###..###^
#..#.'...# #..# #..# #.
#..####..#+#..#+#..#+#.
#........#.#..#^#..#.#.
#^.......^............^ #W#
#..####.......###...... ###
#..#?W@...8...# #...8.. ##.##
#..####.......# #.....^
##...###...^.........#.#......
##.....##................^^....
###...∩...'.^####..####.....####.
#W#.......'..# +...# ...8... #.
#...∩...'..####..####.....####.
##.....##....^.................
##...###.............#.#......


You could see a wraith.

Vanquished Creatures
  An ogre (D:3)
  An elf zombie (Ossuary)
  A human zombie (Ossuary)
  A big kobold zombie (Ossuary)
  A mummy (Ossuary)
  Robin (D:2)
  5 adders
  3 worms (D:2)
  3 dart slugs (D:1)
  2 leopard geckos
  6 orcs
  3 giant cockroaches
  14 goblins
  9 hobgoblins
  8 jackals
  2 quokkas
  A ball python (D:2)
  6 bats
  3 frilled lizards
  A goblin zombie (Ossuary)
  A hobgoblin zombie (Ossuary)
  8 kobolds
  A kobold zombie (Ossuary)
  An orc zombie (Ossuary)
  6 rats
89 creatures vanquished.

Notes
Turn   | Place    | Note
-------+----------+-------------------------------------------
     0 | Abyss:1  | Gargoyl the Centaur Abyssal Knight began the quest for the
                  | Orb.
     0 | Abyss:1  | Reached XP level 1. HP: 19/19 MP: 2/2
    86 | Abyss:1  | Noticed a hellwing
   113 | Abyss:1  | Found a corrupted altar of Lugonu.
   118 | Abyss:1  | Found a corrupted altar of Lugonu.
   121 | Abyss:1  | Noticed a raiju
   130 | Abyss:1  | Noticed a small abomination
   149 | Abyss:1  | Noticed a chaos spawn
   153 | Abyss:1  | Noticed an eidolon
   172 | D:1      | Escaped the Abyss
   495 | D:1      | Reached XP level 2. HP: 19/26 MP: 3/3
   902 | D:1      | Reached skill level 1 in Dodging
  1020 | D:1      | Reached * piety under Lugonu
  1020 | D:1      | Reached XP level 3. HP: 22/31 MP: 4/4
  1619 | D:2      | Reached XP level 4. HP: 20/38 MP: 5/5
  2341 | D:2      | Noticed Robin
  2356 | D:2      | Killed Robin
  2356 | D:2      | Reached ** piety under Lugonu
  3022 | D:3      | Noticed an ogre
  3027 | D:3      | Killed an ogre
  3027 | D:3      | Reached XP level 5. HP: 45/46 MP: 7/7
  3494 | D:3      | Found a shimmering blue altar of Sif Muna.
  3579 | D:3      | Found an ancient bone altar of Kikubaaqudgha.
  3810 | D:4      | Found a sand-covered staircase.
  3819 | Ossuary  | Entered an ossuary
  3819 | Ossuary  | Noticed a wraith
  3819 | Ossuary  | Noticed a wraith
  3819 | Ossuary  | Noticed a wraith
  3845 | Ossuary  | Reached XP level 6. HP: 49/52 MP: 8/8
  4135 | Ossuary  | Noticed a wraith
  4149 | Ossuary  | HP: 2/52 [wraith (5)]
  4150 | Ossuary  | Slain by a wraith

Illustrated notes

Levels and vault maps discovered:
D:1:      minmay_arrival_jagged, layout_basic, minmay_misc_feat_encased,
          corner_web_ring
D:2:      layout_basic, uniq_robin
D:3:      layout_basic, nicolae_overflow_hidden_temple, chequers_garden,
          minmay_misc_feat_doors, lemuel_blue_sif_altar
D:4:      layout_cave_pools, hellmonk_ghost_happy_afterlife,
          nicolae_ossuary_entry_ruins, first_ration, serial_shops,
          nicolae_shop_overgrown_old_shop, minmay_splitting_lines, uniq_duvessa
Ossuary:  ossuary_kennysheep_city_of_the_dead

Skill      XL: |  1  2  3  4  5  6 |
---------------+-------------------+-----
Axes           | 2 3 |  3.5
Dodging        | 1 |  1.8
Armour         | 2 3 |  3.0
Invocations    | 3 |  3.5
Fighting       | |  3.8
Evocations     | |  0.2

Action                   |  1- 3 |  4- 6 || total
-------------------------+-------+-------++-------
Melee: Hand axe          |   120 |   180 ||   300
       Kick              |    13 |    37 ||    50
Invok: Depart the Abyss  |     1 |       ||     1
Evoke: Wand              |       |     5 ||     5
  Use: Scroll            |     4 |     2 ||     6
       Potion            |       |     4 ||     4
  Eat: Chunk             |     2 |     5 ||     7
Armor: Leather armour    |    24 |       ||    24
       Plate armour      |    79 |   156 ||   235
Dodge: Dodged            |    36 |    20 ||    56

Table legend:
 A = Non-vault XP
 B = Vault XP
 C = Vault XP percentage of total XP
 D = Non-vault monster count
 E = Vault monster count
 F = Vault count percentage of total count
                 A         B        C        D         E       F
            +---------+---------+-------+---------+---------+-------
      Total |     335 |     213 |  38.9 |      74 |      14 |  15.9
            +---------+---------+-------+---------+---------+-------
        D:1 |      53 |       0 |   0.0 |      27 |       0 |   0.0
        D:2 |      96 |      27 |  22.0 |      28 |       7 |  20.0
        D:3 |     186 |       0 |   0.0 |      19 |       0 |   0.0
    Ossuary |       0 |     186 | 100.0 |       0 |       7 | 100.0
            +---------+---------+-------+---------+---------+-------
